 Dungeon Sprint DCSS version 0.20-a0-833-gc632bec (webtiles) character file.

7483 esc the Bewitcher (level 10, 0/47 HPs)
             Began as a Felid Enchanter on Mar 7, 2017.
             Was the Champion of Wu Jian.
             Slain by a hog (14 damage)
             ... in the Dungeon (Sprint I: "Red Sonja").
             The game lasted 00:14:55 (1885 turns).

esc the Bewitcher (Felid Enchanter)                 Turns: 1885, Time: 00:14:56

Health: 0/47       AC:  2    Str: 15    XL:     10   Next: 94%
Magic:  23/23      EV: 30    Int: 20    God:    Wu Jian [******]
Gold:   746        SH:  0    Dex: 15    Spells: 19/31 levels left
                                        Lives:  0   Deaths: 3

rFire    . . .     SeeInvis +     - Unarmed
rCold    . . .     Gourm    +   (armour unavailable)
rNeg     . . .     Faith    .   (shield unavailable)
rPois    +         Spirit   .   (helmet unavailable)
rElec    +         Reflect  .   (cloak unavailable)
rCorr    .         Harm     .   (gloves unavailable)
MR       .....     Rnd*Rage +   (boots unavailable) Stlth +++++++...NoTele +
                                p - amulet of Maox {Gourm rElec MR- Str+5 SInv}
Regen    0.2/turn               (no ring)
MPRegen  0.2/turn               l - ring "Sebimyn" {+Fly rElec rPois MR- Str+4}

@: exhausted, slowed, slow
A: no armour, no weapons or thrown items, stealth, claws 1, fangs 3, see
invisible, berserk 2, carnivore 3, clumsy 1, deterioration 1, speed 1, frail 1,
low mp 1, shaggy fur 2, slow metabolism 1, strong 1, subdued magic 1, sharp paws
a: Serpent's Lash, Heaven On Earth, Renounce Religion, Evoke Flight


You were in the Dungeon.
You worshipped Wu Jian.
Wu Jian was exalted by your worship.
You were not hungry.

You visited 1 branch You collected 1698 gold pieces.
You spent 952 gold pieces at shops.

Inventory:

Jewellery
 l - the ring "Sebimyn" (left paw) {+Fly rElec rPois MR- Str+4}
   (You found it in the Dungeon)

   [ring of flight]

   It affects your strength (+4).
   It insulates you from electricity.
   It protects you from poison.
   It affects your resistance to hostile enchantments.
   It lets you fly.
 p - the amulet of Maox (around neck) {Gourm rElec MR- Str+5 SInv}
   (You bought it in a shop in the Dungeon)

   [amulet of the gourmand]

   It allows you to eat raw meat even when not hungry.
   It affects your strength (+5).
   It insulates you from electricity.
   It affects your resistance to hostile enchantments.
   It lets you see invisible.
Wands
 g - a wand of polymorph (10/24)
   (You took it off Sigmund in the Dungeon)
 k - a wand of flame (11/48)
   (You found it in the Dungeon)
 n - a wand of polymorph (8/24)
   (You found it in the Dungeon)
Scrolls
 h - 3 scrolls of blinking {!r}
 j - 2 scrolls of identify {unknown}
 m - a scroll of magic mapping {unknown}
Potions
 c - 3 potions of curing
 d - 2 potions of heal wounds
 e - a potion of haste
 f - 2 potions of magic
 i - a potion of lignification {unknown}
 o - 2 potions of mutation {unknown}
Books
 a - a book of Maledictions
Comestibles
 b - a meat ration {@e2}


   Skills:
 + Level 12.0 Fighting
 + Level 15.2 Dodging
 + Level 16.6 Stealth
 + Level 12.1 Unarmed Combat
 + Level 11.3 Spellcasting
 + Level 16.8 Hexes


You had 19 spell levels left.
You knew the following spells:

 Your Spells              Type           Power        Failure   Level  Hunger
a - Ensorcelled Hibernat  Hex/Ice        ####..       1%          2    None
b - Tukima's Dance        Hex            ######..     0%          3    None
c - Confuse               Hex            ######..     0%          3    None
d - Dazzling Spray        Conj/Hex       ####..       1%          3    None
v - Corona                Hex            ######.      0%          1    None


Dungeon Overview and Level Annotations

Branches:
Dungeon (1/1)

Altars:
Cheibriados
Dithmenos
Elyvilon
Fedhas
Gozag
Hepliaklqana
Kikubaaqudgha
Makhleb
Nemelex Xobeh
Okawaru
Qazlal
Ru
Sif Muna
Trog
Uskayaw
Vehumet
Wu Jian
Xom
Yredelemnul
Zin
The Shining One
Jiyva
Lugonu

Shops:
D ((=*%[?[%![(?=[%(%?[*

Annotations:
D exclusion: hog


Innate Abilities, Weirdness & Mutations

You cannot wear armour.
You are incapable of wielding weapons or throwing items.
Your paws allow you to move quietly. (Stealth)
You have sharp claws.
You have razor-sharp teeth.
You have supernaturally acute eyesight. (SInv)
You are carnivorous and can eat meat at any time.
You cover ground quickly.
You are covered in thick fur. (AC +2)
You have a slow metabolism.
Your sharp claws are effective at attacking unaware monsters.
You often lose your temper in combat.
You are clumsy. (Dex -2)
Your body sometimes deteriorates upon taking damage.
You are frail. (-10% HP)
Your magical capacity is low. (-10% MP)
Your muscles are strong. (Str +2)
Your spells are a little easier to cast, but a little less powerful.


Message History

The helpless hog fails to defend itself.
The hog does not see your lunge coming!
You eviscerate the hog!!!!!
You kill the hog!
The Council accepts your kill.
The hog squeals angrily. x3; You hear an angry squeal. x7 2 hogs come into view.
There is an open door here.
You now have 70/70 hp.
You are too berserk!
Unknown command.
You claw the hog! x2; The hog bites you!
The hog bites you.
You take 17 damage, and have 53/70 hp.
MASSIVE DAMAGE!!
You mangle the hog!!
You kill the hog!
The Council accepts your kill.
You are too berserk!
You feel a strong urge to attack something.
You feel your anger subside.
You are no longer berserk.
You are exhausted.
You feel yourself slow down.
You now have 36/47 hp.
You spin and attack the hog.
You claw the hog! The hog misses you. The hog closely misses you.
You barely miss the hog. The hog completely misses you. x2
The hog squeals angrily.
You mangle the hog!! The hog barely misses you.
You scratch the hog. You claw the hog! The hog closely misses you.
The hog bites you!
Your body deteriorates!
You feel dopey.
You take 7 damage, and have 30/47 hp.
Unknown command.
You open the door. The hog completely misses you.
You attack the hog from above.
You claw the hog!
You kill the hog!
The Council accepts your kill. The hog is distracted by your jump.
You lunge at the hog, but your attack speed is too slow for a blow to land.
The hog closely misses you.
You spin and attack the hog.
You scratch the hog. The hog bites you! The hog completely misses you.
You take 7 damage, and have 24/47 hp.
You spin and attack the hog.
You claw the hog!
You kill the hog!
The Council accepts your kill.
You feel your intelligence returning.
Your Fighting skill increases to level 12!
You spin to attack the hog, but your attack speed is too slow for a blow to land.
The hog misses you. x2
You spin and attack the hog.
You scratch the hog. The hog closely misses you.
You spin to attack the hog, but your attack speed is too slow for a blow to land.
The hog barely misses you. The hog completely misses you.
You spin to attack the hog, but your attack speed is too slow for a blow to land.
The hog bites you.
You take 1 damage, and have 24/47 hp.
You spin and attack the hog.
You scratch the hog.
The hog seems to slow down as you strike a pressure point.
The hog completely misses you.
A hog comes into view.
You spin and attack the hog.
You mangle the hog!! The hog misses you. x2
You spin and attack the hog.
You barely miss the hog. Your bite misses the hog. The hog bites you.
The hog closely misses you. The hog completely misses you.
You take 1 damage, and have 23/47 hp.
You spin to attack the hog, but your attack speed is too slow for a blow to land. x2
The hog closely misses you. The hog misses you.
You spin and attack the hog.
You claw the hog!
You spin to attack the hog, but your attack speed is too slow for a blow to land.
The hog is no longer moving slowly.
The hog completely misses you. The hog misses you.
The hog completely misses you.
You spin and attack the hog.
You scratch the hog but do no damage.
You spin and attack the hog.
You claw the hog!
You kill the hog!
The Council accepts your kill. The hog completely misses you.
The hog bites you.
A hog comes into view.
You take 6 damage, and have 18/47 hp.
You spin and attack the hog.
The hog squeals angrily.
You mangle the hog!!
A hog comes into view.
You hear an angry squeal.
The hog completely misses you. The hog closely misses you.
The hog completely misses you.
You spin and attack the hog.
You closely miss the hog.
The hog closely misses you. x2; The hog bites you.
* * * LOW HITPOINT WARNING * * *
You take 5 damage, and have 13/47 hp.
You spin and attack the hog.
You barely miss the hog.
The hog squeals angrily.
You claw the hog!
You kill the hog!
The Council accepts your kill.
You spin and attack the hog.
You scratch the hog but do no damage. The hog barely misses you.
You spin and attack the hog.
You barely miss the hog.
You spin to attack the hog, but your attack speed is too slow for a blow to land.
The hog completely misses you. The hog barely misses you. The hog bites you!
You die...

###########################
..'..#__#..'..)#..#§§.§hhh§
..#..'..'..#...##§#h####hh§
####'#__####)..'@h#§# ##§h
...#.####§(#####§hh§#+#$###+
..##%#≈≈§§§#..##'####..$#y#
#'#_.'§§§§§'..#..^.§#..$###
'..._#()§.§#§§#^..§.'..$$$#
#_.#'##§#####'###§).#§....#
##'#.#.[(§###.'.#§§§###++##
##.####'###.###§#§§##
'...'.....'.∩##.#.^#


You could see 3 hogs.

Vanquished Creatures
  2 centaur warriors (D)
  Sonja (D)
  A deep troll (D)
  2 unseen horrors (D)
  A lindwurm (D)
  An oklob plant (D)
  8 shining eyes (D)
  A gargoyle (D)
  2 kobold demonologists (D)
  4 demonic crawlers (D)
  A hornet (D)
  A slime creature (D)
  2 redbacks (D)
  A yak (D)
  6 hogs (D)
  6 floating eyes (D)
  An ogre (D)
  7 necrophages (D)
  8 jellies (D)
  Ijyb (D)
  5 ballistomycetes (D)
  A ballistomycete spore (D)
63 creatures vanquished.

Vanquished Creatures (collateral kills)
  Sigmund (D)
1 creature vanquished.

Vanquished Creatures (others)
  A ballistomycete spore (D)
1 creature vanquished.

Grand Total: 65 creatures vanquished

Notes
Turn   | Place    | Note
-------+----------+-------------------------------------------
     0 | D        | esc the Felid Enchanter began the quest for the Orb.
     0 | D        | Reached XP level 1. HP: 7/7 MP: 4/4
     1 | D        | Noticed Ijyb
    12 | D        | Killed Ijyb
    12 | D        | Reached skill level 2 in Fighting
    12 | D        | Reached skill level 3 in Dodging
    12 | D        | Reached skill level 5 in Stealth
    12 | D        | Reached skill level 2 in Unarmed Combat
    12 | D        | Reached skill level 5 in Hexes
    12 | D        | Reached XP level 2. HP: 6/13 MP: 4/6
    44 | D        | Learned a level 2 spell: Ensorcelled Hibernation
   227 | D        | Noticed an ogre
   234 | D        | Killed an ogre
   234 | D        | Reached skill level 3 in Fighting
   234 | D        | Reached skill level 5 in Dodging
   234 | D        | Reached skill level 6 in Stealth
   234 | D        | Reached skill level 3 in Unarmed Combat
   234 | D        | Reached skill level 3 in Spellcasting
   234 | D        | Reached skill level 7 in Hexes
   234 | D        | Reached XP level 3. HP: 17/17 MP: 5/9
   234 | D        | Reached XP level 4. HP: 21/21 MP: 5/10
   248 | D        | Learned a level 3 spell: Confuse
   252 | D        | Learned a level 3 spell: Tukima's Dance
   276 | D        | Noticed Sigmund
   287 | D        | Killed Sigmund
   287 | D        | Reached skill level 4 in Fighting
   287 | D        | Reached skill level 6 in Dodging
   287 | D        | Reached skill level 7 in Stealth
   287 | D        | Reached skill level 4 in Unarmed Combat
   287 | D        | Reached skill level 4 in Spellcasting
   287 | D        | Reached skill level 8 in Hexes
   287 | D        | Reached XP level 5. HP: 8/25 MP: 1/12
   508 | D        | Found an ornate altar of the Wu Jian Council.
   508 | D        | Found a deep blue altar of Sif Muna.
   510 | D        | Found a radiant altar of Vehumet.
   515 | D        | Became a worshipper of the Wu Jian Council
   545 | D        | Found Barha's General Store.
   545 | D        | Found an ancient bone altar of Kikubaaqudgha.
   545 | D        | Found a hazy altar of Hepliaklqana.
   545 | D        | Found a stormy altar of Qazlal.
   545 | D        | Found a hide-covered altar of Uskayaw.
   545 | D        | Found a blossoming altar of Fedhas.
   545 | D        | Found a bloodstained altar of Trog.
   545 | D        | Found an iron altar of Okawaru.
   545 | D        | Found a basalt altar of Yredelemnul.
   545 | D        | Found a glowing golden altar of the Shining One.
   545 | D        | Found a snail-covered altar of Cheibriados.
   545 | D        | Found a sacrificial altar of Ru.
   545 | D        | Found a glowing silver altar of Zin.
   545 | D        | Found a shadowy altar of Dithmenos.
   545 | D        | Found a white marble altar of Elyvilon.
   545 | D        | Noticed a yak
   559 | D        | Killed a yak
   559 | D        | Reached skill level 5 in Fighting
   559 | D        | Reached skill level 7 in Dodging
   559 | D        | Reached skill level 8 in Stealth
   559 | D        | Reached skill level 5 in Unarmed Combat
   559 | D        | Reached skill level 5 in Spellcasting
   559 | D        | Reached skill level 9 in Hexes
   559 | D        | Gained mutation: You are covered in thick fur. (AC +2) [Felid growth]
   559 | D        | Reached XP level 6. HP: 30/30 MP: 5/15
   563 | D        | Found an opulent altar of Gozag.
   564 | D        | Found a sparkling altar of Nemelex Xobeh.
   642 | D        | Found a burning altar of Makhleb.
   642 | D        | Found a viscous altar of Jiyva.
   642 | D        | Found a shimmering altar of Xom.
   642 | D        | Found a corrupted altar of Lugonu.
   642 | D        | Noticed a slime creature
   654 | D        | Killed a slime creature
   654 | D        | Reached skill level 6 in Fighting
   654 | D        | Reached skill level 8 in Dodging
   654 | D        | Reached skill level 9 in Stealth
   654 | D        | Reached skill level 6 in Unarmed Combat
   654 | D        | Reached skill level 6 in Spellcasting
   654 | D        | Reached skill level 10 in Hexes
   654 | D        | Reached XP level 7. HP: 34/34 MP: 13/17
   685 | D        | Noticed Sonja
   689 | D        | Killed Sonja
   689 | D        | Reached * piety under Wu Jian
   689 | D        | Reached skill level 7 in Fighting
   689 | D        | Reached skill level 9 in Dodging
   689 | D        | Reached skill level 11 in Stealth
   689 | D        | Reached skill level 7 in Unarmed Combat
   689 | D        | Reached skill level 7 in Spellcasting
   689 | D        | Reached skill level 11 in Hexes
   689 | D        | Reached XP level 8. HP: 40/40 MP: 17/19
   703 | D        | Noticed a deep troll
   707 | D        | Killed a deep troll
   707 | D        | Reached skill level 8 in Fighting
   707 | D        | Reached skill level 10 in Dodging
   707 | D        | Reached skill level 8 in Unarmed Combat
   707 | D        | Reached skill level 12 in Hexes
   719 | D        | Found Toeberasy's Armour Emporium.
   724 | D        | Got a glittering platinum ring
   726 | D        | Identified the ring "Sebimyn" {+Fly rElec rPois MR- Str+4} (You found it in the Dungeon)
   765 | D        | Noticed a kobold demonologist
   766 | D        | Noticed a kobold demonologist
   770 | D        | Killed a kobold demonologist
   770 | D        | Reached ** piety under Wu Jian
   770 | D        | Reached skill level 11 in Dodging
   770 | D        | Reached skill level 12 in Stealth
   770 | D        | Reached XP level 9. HP: 45/45 MP: 21/21
   771 | D        | Killed a kobold demonologist
   771 | D        | Reached skill level 8 in Spellcasting
   808 | D        | Noticed a centaur warrior
   808 | D        | Noticed a centaur warrior
   808 | D        | Shot with an arrow by a centaur warrior
   809 | D        | Reached XP level 8. HP: -1/41 MP: 21/21
   813 | D        | Killed a centaur warrior
   813 | D        | Reached skill level 9 in Fighting
   813 | D        | Reached skill level 13 in Stealth
   813 | D        | Reached skill level 9 in Unarmed Combat
   813 | D        | Reached skill level 13 in Hexes
   818 | D        | Killed a centaur warrior
   818 | D        | Reached skill level 12 in Dodging
   818 | D        | Reached skill level 9 in Spellcasting
   818 | D        | Reached XP level 9. HP: 17/46 MP: 14/23
  1012 | D        | Reached *** piety under Wu Jian
  1023 | D        | Noticed an oklob plant
  1024 | D        | Killed an oklob plant
  1024 | D        | Reached skill level 14 in Hexes
  1034 | D        | Reached skill level 10 in Unarmed Combat
  1038 | D        | Reached skill level 14 in Stealth
  1063 | D        | Noticed an unseen horror
  1063 | D        | Noticed an unseen horror
  1068 | D        | Killed an unseen horror
  1068 | D        | Reached **** piety under Wu Jian
  1068 | D        | Reached skill level 10 in Fighting
  1068 | D        | Reached skill level 13 in Dodging
  1071 | D        | Killed an unseen horror
  1071 | D        | Reached XP level 10. HP: 50/51 MP: 19/24
  1109 | D        | Learned a level 3 spell: Dazzling Spray
  1116 | D        | Reached ***** piety under Wu Jian
  1136 | D        | HP: 12/49 [necrophage (7)]
  1138 | D        | Reached skill level 10 in Spellcasting
  1141 | D        | HP: 7/48 [necrophage (5)]
  1144 | D        | HP: 2/46 [necrophage (2)]
  1147 | D        | Slain by a necrophage
  1148 | D        | Reached XP level 9. HP: -2/42 MP: 24/24
  1158 | D        | Reached skill level 15 in Hexes
  1187 | D        | Found Myxzyid's Antique Armour Shoppe.
  1187 | D        | Found Feixkid's Magic Scroll Shop.
  1187 | D        | Found Tomaitadd's Food Boutique.
  1189 | D        | Found Kyfilept's Distillery.
  1189 | D        | Found Nyqiukk's Armour Shop.
  1189 | D        | Found Lotetar's Antique Weapon Shoppe.
  1189 | D        | Found Miesyvat's Magic Scroll Boutique.
  1189 | D        | Found Etroxol's Jewellery Emporium.
  1189 | D        | Found Ilopsuffa's Armour Shop.
  1189 | D        | Found Xukhlats's Food Shoppe.
  1193 | D        | Found Qismu's Antique Weapon Boutique.
  1194 | D        | Found Ugittemp's Magic Scroll Emporium.
  1194 | D        | Found Qetav's Food Boutique.
  1195 | D        | Found Bosto's General Store.
  1197 | D        | Bought a scroll of blinking for 97 gold pieces
  1197 | D        | Bought a scroll of blinking for 97 gold pieces
  1204 | D        | Bought a potion of heal wounds for 50 gold pieces
  1284 | D        | Killed by an exploding ballistomycete spore
  1285 | D        | Reached XP level 8. HP: 0/44 MP: 23/23
  1364 | D        | Found Mixkoimp's Weapon Boutique.
  1376 | D        | Noticed a shining eye
  1376 | D        | Noticed a shining eye
  1376 | D        | Noticed a shining eye
  1376 | D        | Noticed a shining eye
  1376 | D        | Noticed a shining eye
  1376 | D        | Noticed a shining eye
  1376 | D        | Gained mutation: Your spells are a little easier to cast, but a little less powerful. [a shining eye]
  1377 | D        | Noticed a shining eye
  1377 | D        | Noticed a shining eye
  1380 | D        | Killed a shining eye
  1380 | D        | Reached skill level 15 in Stealth
  1382 | D        | Reached XP level 9. HP: 47/47 MP: 24/24
  1384 | D        | Killed a shining eye
  1384 | D        | Reached skill level 11 in Unarmed Combat
  1387 | D        | Killed a shining eye
  1387 | D        | Reached skill level 11 in Fighting
  1387 | D        | Reached skill level 14 in Dodging
  1389 | D        | Gained mutation: You are frail. (-10% HP) [a shining eye]
  1390 | D        | Paralysed by a floating eye for 3 turns
  1392 | D        | Gained mutation: Your muscles are strong. (Str +2) [a shining eye]
  1393 | D        | Gained mutation: You tend to lose your temper in combat. [a shining eye]
  1395 | D        | Killed a shining eye
  1395 | D        | Gained mutation: You often lose your temper in combat. [a shining eye]
  1396 | D        | Reached ****** piety under Wu Jian
  1396 | D        | Gained mutation: You are clumsy. (Dex -2) [a shining eye]
  1397 | D        | Killed a shining eye
  1400 | D        | Gained mutation: Your magical capacity is low. (-10% MP) [a shining eye]
  1401 | D        | Killed a shining eye
  1401 | D        | Reached XP level 10. HP: 46/46 MP: 23/23
  1402 | D        | Killed a shining eye
  1402 | D        | Reached skill level 16 in Hexes
  1402 | D        | Gained mutation: Your body sometimes deteriorates upon taking damage. [a shining eye]
  1403 | D        | Killed a shining eye
  1408 | D        | Found Pucvyfes's Food Shop.
  1408 | D        | Found Eloocuyl's Antique Weapon Shoppe.
  1408 | D        | Found Hailyat's Armour Boutique.
  1408 | D        | Found Myrrurew's Jewellery Emporium.
  1426 | D        | Bought the amulet of Maox {Gourm rElec MR- Str+5 SInv} for 708 gold pieces
  1468 | D        | Reached skill level 16 in Stealth
  1469 | D        | Reached skill level 11 in Spellcasting
  1481 | D        | Noticed a gargoyle
  1484 | D        | Killed a gargoyle
  1500 | D        | Noticed a lorocyproca
  1652 | D        | Noticed a lindwurm
  1656 | D        | Killed a lindwurm
  1656 | D        | Reached skill level 15 in Dodging
  1656 | D        | Reached skill level 12 in Unarmed Combat
  1872 | D        | Reached skill level 12 in Fighting
  1885 | D        | Slain by a hog

Vault maps used:
D:        dungeon_sprint_1

Skill      XL: |  1  2  3  4  5  6  7  8  9 10 |
---------------+-------------------------------+-----
Fighting       | 2 3 4 5 6 7 9 11 12 | 12.0
Dodging        | 3 5 6 7 8 9 12 14 15 | 15.2
Stealth        | 5 6 7 8 9 11 15 14 16 | 16.6
Unarmed Combat | 2 3 4 5 6 7 9 11 12 | 12.1
Hexes          | 5 7 8 9 10 11 13 15 16 | 16.8
Spellcasting   | 3 4 5 6 7 9 8 11 | 11.3

Action                   |  1- 3 |  4- 6 |  7- 9 | 10-12 || total
-------------------------+-------+-------+-------+-------++-------
Melee: Unarmed           |    10 |     6 |    75 |    64 ||   155
       Bite              |     1 |     1 |    10 |     2 ||    14
       Punch             |       |       |     2 |     5 ||     7
 Cast: Ensorcelled Hiber |     1 |     7 |     8 |     2 ||    18
       Tukima's Dance    |       |     2 |       |       ||     2
       Confuse           |       |     1 |       |       ||     1
Invok: Heaven On Earth   |       |       |     1 |     1 ||     2
Evoke: Wand              |       |       |     1 |       ||     1
  Use: Potion            |     1 |       |       |       ||     1
       Scroll            |       |       |       |     1 ||     1
 Stab: Sleeping          |     3 |     4 |    19 |    13 ||    39
  Eat: Chunk             |       |     7 |     8 |     2 ||    17
Armor: Skin              |     1 |       |       |       ||     1
Dodge: Dodged            |     5 |     6 |    22 |   103 ||   136

Vault maps used:
D:        dungeon_sprint_1

Table legend:
 A = Turns spent in this place as a percentage of turns spent in the entire game.
 B = Non-inter-level travel turns spent in this place as a percentage of non-inter-level travel turns spent in the entire game.
 C = Inter-level travel turns spent in this place as a percentage of turns spent in this place.
 D = Turns resting spent in this place as a percentage of non-inter-level travel turns spent in this place.
 E = Turns spent auto-exploring this place as a percentage of non-inter-level travel turns spent in this place.
 F = Non-inter-level travel turns spent in this place divided by the number of levels of this place that you've seen.
                   A       B       C       D       E      F
               +-------+-------+-------+-------+-------+----------------------
         Total | 100.0 | 100.0 |   0.2 |   3.5 |   0.0 | 851.0
       Dungeon | 100.0 | 100.0 |   0.2 |   3.5 |   0.0 | 851.0
               +-------+-------+-------+-------+-------+----------------------

Table legend:
 A = Kills in this place as a percentage of kills in entire the game.
 B = Kills by you in this place as a percentage of kills by you in the entire game.
 C = Kills by friends in this place as a percentage of kills by friends in the entire game.
 D = Other kills in this place as a percentage of other kills in the entire game.
 E = Experience gained in this place as a percentage of experience gained in the entire game.
 F = Experience gained in this place divided by the number of levels of this place that you have seen.
                   A       B       C       D       E      F
               +-------+-------+-------+-------+-------+----------------------
         Total | 100.0 | 100.0 | 100.0 |  -nan | 100.0 | 17742.0
       Dungeon | 100.0 | 100.0 | 100.0 |  -nan | 100.0 | 17742.0
               +-------+-------+-------+-------+-------+----------------------
